 Dungeon Crawl Stone Soup version 0.31-a0-1612-g4aaf141004 (webtiles) character file.

Game seed: 9507850290692102087

1 Torax the Sneak (level 1, 9/9 HPs)
             Began as a Spriggan Conjurer on Sept 5, 2023.
             Quit the game on level 2 of the Dungeon on Jan 9, 2024.
             The game lasted 00:01:06 (161 turns).

Torax the Sneak (Spriggan Conjurer)                  Turns: 161, Time: 00:01:07

Health: 9/9        AC:  2    Str:  3    XL:     1   Next: 16%
Magic:  2/5        EV: 17    Int: 19    God:
Gold:   41         SH:  0    Dex: 13    Spells: 4/5 levels left

rFire   . . .        (weapon restricted)
rCold   . . .        (no shield)
rNeg    . . .        a - +0 robe
rPois   .            (helmet restricted)
rElec   .            (no cloak)
rCorr   .            (gloves unavailable)
SInv    +            (boots unavailable)
Will    .....        (no amulet)
Stlth   ++           (no ring)
HPRegen 0.21/turn    (no ring)
MPRegen 0.09/turn

%: no passive effects
@: very quick
A: very small, no large weapons, unfitting armour, see invisible, speed 3
a: no special abilities


You were on level 2 of the Dungeon.
You visited 1 branch of the dungeon, and saw 2 of its levels.

You collected 41 gold pieces.

Inventory:

Armour
 a - a +0 robe (worn)
Talismans
 d - a maw talisman
   (You found it on level 2 of the Dungeon)
Potions
 b - a potion of magic
 c - a potion of heal wounds {unknown}


   Skills:
 + Level 2.7 Dodging
 + Level 3.0 Stealth
 + Level 2.7 Spellcasting
 + Level 3.0 Conjurations


You had 4 spell levels left.
You knew the following spells:

 Your Spells              Type           Power      Damage    Failure   Level
a - Magic Dart            Conj           56%        1d5       4%          1

Your spell library contained the following spells:

 Spells                   Type           Power      Damage    Failure   Level
 Searing Ray              Conj           28%        2d5       7%          2
 Dazzling Flash           Conj/Hex       16%        N/A       26%         3
 Fulminant Prism          Conj/Alch      4%         3d5       63%         4
 Iskenderun's Mystic Bla  Conj/Tloc      8%         2d4       63%         4


Dungeon Overview and Level Annotations

Branches:
Dungeon (2/15)

Altars:


Innate Abilities, Weirdness & Mutations

You are very small and have problems with some larger weapons.
You are too small for most types of armour.
You have supernaturally acute eyesight. (SInv)
You cover ground extremely quickly. (Speed+++)


Message History

Welcome, Torax the Spriggan Conjurer.
The heart of this dungeon contains the glorious artefact, the Orb of Zot.
Press ? for a list of commands and other information.
Found 14 gold pieces and a scroll labelled TAWUIR BINEURI.
Found an escape hatch in the floor.
Found a staircase leading out of the dungeon.
Char dumped successfully.
You open the large door.
There is a large open door here.
You enter the shallow water.
Moving in this stuff is going to be slow.
There is an escape hatch in the floor here.
You slide downwards.
The hatch slams shut behind you.
c - a bubbling cyan potion You now have 12 gold pieces.
You now have 18 gold pieces (gained 6).
A goblin comes into view. It is wielding a +0 club.
A goblin is nearby!
You see here a maw talisman.
d - a maw talisman A goblin comes into view.
It is wielding a +0 club.
A goblin is nearby!
Found a stone staircase leading up.
Found an escape hatch in the floor.
There is a stone staircase leading up here.
You climb upwards.
There is a stone staircase leading down here.
Saving game... please wait.
Welcome back, Torax the Spriggan Conjurer.
Press ? for a list of commands and other information.
Casting: Magic Dart (safe; 4% risk of failure)
Confirm with . or Enter, or press ? or * to list all spells.
Aiming: Magic Dart (safe; 4% risk of failure)
Press: ? - help, Shift-Dir - straight line, f - bat
Aim: a bat (asleep, 100% to hit)
The magic dart hits the bat.
The bat is moderately wounded.
The bat barely misses you.
You barely miss the bat. The bat closely misses you.
Casting: Magic Dart (safe; 4% risk of failure)
Confirm with . or Enter, or press ? or * to list all spells.
Aiming: Magic Dart (safe; 4% risk of failure)
Press: ? - help, Shift-Dir - straight line, f/p - bat
Aim: a bat (100% to hit)
The magic dart hits the bat.
You kill the bat!
Your Conjurations skill increases to level 3!
You climb downwards.
There is a stone staircase leading up here.
Magic restored.
You now have 32 gold pieces (gained 14).
You now have 41 gold pieces (gained 9).
A bat comes into view.
Casting: Magic Dart (safe; 4% risk of failure)
Confirm with . or Enter, or press ? or * to list all spells.
Aiming: Magic Dart (safe; 4% risk of failure)
Press: ? - help, Shift-Dir - straight line, f - bat
Aim: a bat (100% to hit)
The magic dart hits the bat.
The bat is severely wounded.
Casting: Magic Dart (safe; 4% risk of failure)
Confirm with . or Enter, or press ? or * to list all spells.
Aiming: Magic Dart (safe; 4% risk of failure)
Press: ? - help, Shift-Dir - straight line, f/p - bat
Aim: a bat (severely wounded, 100% to hit)
The magic dart hits the bat but does no damage.
The bat is severely wounded.
The bat misses you.
Casting: Magic Dart (safe; 4% risk of failure)
Confirm with . or Enter, or press ? or * to list all spells.
Aiming: Magic Dart (safe; 4% risk of failure)
Press: ? - help, Shift-Dir - straight line, f/p - bat
Aim: a bat (severely wounded, 100% to hit)
The magic dart hits the bat.
You kill the bat!
Okay, then.
Your movement speed is very quick.
Your attack delay is about 1.0.
Your damage rating with unarmed combat is about 2 (Base [3 + 0 (UC)] x 82% (Str) x 100% (Fight)).
Char dumped successfully.
Are you sure you want to abandon this character and quit the game? (Confirm with "yes".)

...###..........##.#..#.#
......................#.#
........................#
................##.#....#
...#######.##..###......#
... #......###......# ..
#..#............# .
#..#............... .
...........@.......##..
##.#..#...#.......... .
#.#..................
.............##...#.#
..............# ...#.#
............... ....
.......?###..##. .. #..
.... ..


There were no monsters in sight!

Vanquished Creatures
  2 bats
2 creatures vanquished.

Notes
Turn   | Place    | Note
-------+----------+-------------------------------------------
     0 | D:1      | Torax the Spriggan Conjurer began the quest for the Orb.
     0 | D:1      | Reached XP level 1. HP: 9/9 MP: 5/5
   102 | D:1      | Upgraded the game from 0.31-a0-675-g238779eb0a to
                  | 0.31-a0-1612-g4aaf141004
   105 | D:1      | Reached skill level 3 in Conjurations
   161 | D:2      | Quit the game

Illustrated notes

Levels and vault maps discovered:
D:1:      lightli_arrival_boilingwater, layout_rooms,
          hangedman_abyss_or_decor_stabs
D:2:      layout_basic, serial_shops, nicolae_square_shop, serial_bayou_pond_d

Skill      XL: |  1 |
---------------+----+-----
Conjurations   | 3 |  3.0
Dodging        | |  2.7
Stealth        | |  3.0
Spellcasting   | |  2.7

Action                     || total
---------------------------++-------
  Melee: Unarmed           ||     1
   Cast: Magic Dart        ||     5
  Dodge: Dodged            ||     3

Table legend: (Time is in decaauts)
 A = Elapsed time spent in this place.
 B = Non-inter-level travel time spent in this place.
 C = Inter-level travel time spent in this place.
 D = Time resting spent in this place.
 E = Time spent auto-exploring this place.
 F = Levels seen in this place.
 G = Mean time per level.
                   A        B        C        D        E       F      G
               +--------+--------+--------+--------+--------+-----+--------+
         Total |    114 |    108 |      6 |      0 |     75 |   2 |   57.0 |
       Dungeon |    114 |    108 |      6 |      0 |     75 |   2 |   57.0 |
               +--------+--------+--------+--------+--------+-----+--------+

Top non-repeatable levels by time:
     D:2: 98 daAuts
     D:1: 15 daAuts
...###..........##.#..#.# ......................#.# ........................# ................##.#....# ...#######.##..###......# ... #......###......# .. #..#............# . #..#............... . ...........@.......##.. ##.#..#...#.......... . #.#.................. .............##...#.# ..............# ...#.# ............... .... .......?###..##. .. #.. .... .. There were no monsters in sight! Message History Welcome, Torax the Spriggan Conjurer. The heart of this dungeon contains the glorious artefact, the Orb of Zot. Press ? for a list of commands and other information. Found 14 gold pieces and a scroll labelled TAWUIR BINEURI. Found an escape hatch in the floor. Found a staircase leading out of the dungeon. Char dumped successfully. You open the large door. There is a large open door here. You enter the shallow water. Moving in this stuff is going to be slow. There is an escape hatch in the floor here. You slide downwards. The hatch slams shut behind you. c - a bubbling cyan potion You now have 12 gold pieces. You now have 18 gold pieces (gained 6). A goblin comes into view. It is wielding a +0 club. A goblin is nearby! You see here a maw talisman. d - a maw talisman A goblin comes into view. It is wielding a +0 club. A goblin is nearby! Found a stone staircase leading up. Found an escape hatch in the floor. There is a stone staircase leading up here. You climb upwards. There is a stone staircase leading down here. Saving game... please wait. Welcome back, Torax the Spriggan Conjurer. Press ? for a list of commands and other information. Casting: Magic Dart (safe; 4% risk of failure) Confirm with . or Enter, or press ? or * to list all spells. Aiming: Magic Dart (safe; 4% risk of failure) Press: ? - help, Shift-Dir - straight line, f - bat Aim: a bat (asleep, 100% to hit) The magic dart hits the bat. The bat is moderately wounded. The bat barely misses you. You barely miss the bat. The bat closely misses you. Casting: Magic Dart (safe; 4% risk of failure) Confirm with . or Enter, or press ? or * to list all spells. Aiming: Magic Dart (safe; 4% risk of failure) Press: ? - help, Shift-Dir - straight line, f/p - bat Aim: a bat (100% to hit) The magic dart hits the bat. You kill the bat! Your Conjurations skill increases to level 3! You climb downwards. There is a stone staircase leading up here. Magic restored. You now have 32 gold pieces (gained 14). You now have 41 gold pieces (gained 9). A bat comes into view. Casting: Magic Dart (safe; 4% risk of failure) Confirm with . or Enter, or press ? or * to list all spells. Aiming: Magic Dart (safe; 4% risk of failure) Press: ? - help, Shift-Dir - straight line, f - bat Aim: a bat (100% to hit) The magic dart hits the bat. The bat is severely wounded. Casting: Magic Dart (safe; 4% risk of failure) Confirm with . or Enter, or press ? or * to list all spells. Aiming: Magic Dart (safe; 4% risk of failure) Press: ? - help, Shift-Dir - straight line, f/p - bat Aim: a bat (severely wounded, 100% to hit) The magic dart hits the bat but does no damage. The bat is severely wounded. The bat misses you. Casting: Magic Dart (safe; 4% risk of failure) Confirm with . or Enter, or press ? or * to list all spells. Aiming: Magic Dart (safe; 4% risk of failure) Press: ? - help, Shift-Dir - straight line, f/p - bat Aim: a bat (severely wounded, 100% to hit) The magic dart hits the bat. You kill the bat! Okay, then. Your movement speed is very quick. Your attack delay is about 1.0. Your damage rating with unarmed combat is about 2 (Base [3 + 0 (UC)] x 82% (Str) x 100% (Fight)). Char dumped successfully. Are you sure you want to abandon this character and quit the game? (Confirm with "yes".)

Action                     || total
---------------------------++-------
  Melee: Unarmed           ||     1
   Cast: Magic Dart        ||     5
  Dodge: Dodged            ||     3

Levels and vault maps discovered:
D:1:      lightli_arrival_boilingwater, layout_rooms,
          hangedman_abyss_or_decor_stabs
D:2:      layout_basic, serial_shops, nicolae_square_shop, serial_bayou_pond_d
Notes
Turn      |
Place     |
Note      -------+----------+------------------------------------------- 0 |
D:1       |
Torax     the
Spriggan
Conjurer  began the quest for the Orb. 0 |
D:1       |
Reached
XP        level 1.
HP:       9/9
MP:       5/5 102 |
D:1       |
Upgraded  the game from 0.31-a0-675-g238779eb0a to | 0.31-a0-1612-g4aaf141004
          105 |
D:1       |
Reached   skill level 3 in
Conjurations 161 |
D:2       |
Quit      the game

Vanquished Creatures
  2 bats
2 creatures vanquished.

Table legend: (Time is in decaauts)
 A = Elapsed time spent in this place.
 B = Non-inter-level travel time spent in this place.
 C = Inter-level travel time spent in this place.
 D = Time resting spent in this place.
 E = Time spent auto-exploring this place.
 F = Levels seen in this place.
 G = Mean time per level.
                   A        B        C        D        E       F      G
               +--------+--------+--------+--------+--------+-----+--------+
         Total |    114 |    108 |      6 |      0 |     75 |   2 |   57.0 |
       Dungeon |    114 |    108 |      6 |      0 |     75 |   2 |   57.0 |
               +--------+--------+--------+--------+--------+-----+--------+

Top non-repeatable levels by time:
     D:2: 98 daAuts
     D:1: 15 daAuts

Table legend:
 A = Kills in this place as a percentage of kills in the entire game.
 B = Kills by you in this place as a percentage of kills by you in the entire game.
 C = Kills by friends in this place as a percentage of kills by friends in the entire game.
 D = Other kills in this place as a percentage of other kills in the entire game.
 E = Experience gained in this place as a percentage of experience gained in the entire game.
 F = Experience gained in this place divided by the number of levels of this place that you have seen.
                   A       B       C       D       E      F
               +-------+-------+-------+-------+-------+----------------------
         Total | 100.0 | 100.0 |   N/A |   N/A | 100.0 |   1.0
       Dungeon | 100.0 | 100.0 |   N/A |   N/A | 100.0 |   1.0
               +-------+-------+-------+-------+-------+----------------------
